 Dungeon Crawl Stone Soup version 0.28.0-53-g5a82cb258f (webtiles) character file.

Game seed: 337693789515685879

265 Peloso the Slasher (level 5, -6/46 (47) HPs)
             Began as a Minotaur Fighter on July 15, 2022.
             Mangled by a wight
             ... wielding a +0 spear
              (8 damage)
             ... on level 4 of the Dungeon.
             The game lasted 00:04:04 (2437 turns).

Peloso the Slasher (Minotaur Fighter)               Turns: 2437, Time: 00:04:05

HP:   -6/46 (47)    AC:  8    Str: 27    XL:     5   Next: 99%
MP:   4/4           EV: 10    Int:  5    God:
Gold: 137           SH:  4    Dex: 11    Spells: 4/4 levels left

rFire   . . .      SeeInvis .   a - +1 long sword
rCold   . . .      Faith    .   c - +0 buckler
rNeg    . . .      Spirit   .   b - +0 scale mail
rPois   +          Reflect  .   (helmet restricted)
rElec   .          Harm     .   j - +0 cloak
rCorr   .          Rampage  .   (no gloves)
Will    .....                   (no boots)
Stlth   ..........              (no amulet)
HPRegen 0.15/turn               h - +6 ring of strength
MPRegen 0.09/turn               p - ring of poison resistance

@: lightly drained
A: horns 2, retaliatory headbutt
a: no special abilities


You were on level 4 of the Dungeon.
You visited 2 branches of the dungeon, and saw 5 of its levels.

You collected 137 gold pieces.

Inventory:

Hand Weapons
 a - a +1 long sword (weapon)
Armour
 b - a +0 scale mail (worn)
 c - a +0 buckler (worn)
 j - a +0 cloak (worn)
Jewellery
 h - a +6 ring of strength (left hand)
 i - a ring of see invisible
 p - a ring of poison resistance (right hand)
Scrolls
 m - a scroll of magic mapping
 n - a scroll of brand weapon {unknown}
 q - a scroll of vulnerability {unknown}
Potions
 d - a potion of might
 e - 2 potions of mutation
 f - a potion of brilliance {unknown}
 g - a potion of curing {unknown}
 k - 3 potions of berserk rage {unknown}
 l - a potion of flight {unknown}
 o - a potion of invisibility {unknown}


   Skills:
 + Level 4.5 Fighting
 + Level 5.2 Long Blades
 + Level 5.0 Armour
 + Level 1.0 Dodging
 + Level 0.5 Stealth
 + Level 4.3 Shields


You had 4 spell levels left.
You didn't know any spells.
Your spell library contained the following spells:

 Spells                   Type           Power      Damage    Failure   Level
 Magic Dart               Conj           0%         1d3       83%         1
 Call Imp                 Summ           0%         N/A       92%         2
 Mephitic Cloud           Conj/Pois/Air  0%         N/A       99%         3
 Ozocubu's Armour         Ice            0%         N/A       99%         3
 Blade Hands              Tmut           0%         N/A       100%        5
 Irradiate                Conj/Tmut      0%         3d13      100%        5
 Metabolic Englaciation   Hex/Ice        0%         N/A       100%        5
 Simulacrum               Ice/Necr       0%         N/A       100%        6
 Dragon Form              Tmut           0%         N/A       100%        7


Dungeon Overview and Level Annotations

Branches:
Dungeon (4/15)             Temple (1/1) D:4

Altars:
Gozag
Kikubaaqudgha
Ru
Sif Muna
Trog
Uskayaw
Vehumet
Wu Jian
Xom
Yredelemnul
The Shining One
Lugonu


Innate Abilities, Weirdness & Mutations

You have a pair of horns on your head.
You reflexively headbutt those who attack you in melee.


Message History

The wight hits you but does no damage.
The wight hits you with a +0 morningstar!
You feel drained.
You hit the wight but do no damage. You headbutt the wight!
The wight is almost destroyed.
The wight barely misses you. The wight closely misses you.
You closely miss the wight.
The wight is almost destroyed.
The wight hits you but does no damage. The wight closely misses you.
The wight hits you from afar with a +0 spear.
You closely miss the wight.
You headbutt the wight, but do no damage.
The wight is almost destroyed.
The wight barely misses you.
The wight hits you from afar with a +0 spear.
You hit the wight but do no damage.
The wight is almost destroyed.
You block the wight's attack. x2
The wight hits you with a +0 morningstar!
* * * LOW HITPOINT WARNING * * *
You slash the wight!
You destroy the wight!
The wight hits you but does no damage. You block the wight's attack.
Your life force feels restored.
Your Armour skill increases to level 5!
Your Dodging skill increases to level 1!
Unknown command.
You slash the wight!
The wight is severely damaged.
The wight barely misses you. x2
You hit the wight but do no damage.
The wight is severely damaged.
The wight hits you from afar with a +0 spear.
* * * LOW HITPOINT WARNING * * *
The wight hits you with a +0 dagger.
* * * LOW HITPOINT WARNING * * *
You feel drained.
* * * LOW HITPOINT WARNING * * *
The wight hits you from afar with a +0 spear!
You die...

#.# ## #.# .# #.#
.########### #^#
......(..†.# #.#
.###.#.###.########.###
.###.#.# #............#
#)[..#.# ##########.#.#
.##..#.# #.@z..#.#
###..#.# #)###...#
#P.P#.# #z# #.###
##.##..# #z# .#.
P#...#P.# #z. # #.
...>....# #.# ##
.#...#P## ..# .##.####
#.# ... #.#


You could see 4 wights.

Vanquished Creatures
  A phantom (D:4)
  A wight (D:4)
  Crazy Yiuf (D:3)
  An iguana (D:4)
  An orc wizard (D:4)
  An adder (D:2)
  A dart slug (D:1)
  4 orcs
  8 endoplasms
  5 giant cockroaches
  A goblin (D:1)
  8 hobgoblins
  3 kobolds
  4 quokkas
  7 ball pythons
  3 bats (D:1)
  A frilled lizard (D:1)
  6 rats
57 creatures vanquished.

Vanquished Creatures (others)
  3 plants (D:4)
3 creatures vanquished.

Grand Total: 60 creatures vanquished

Notes
Turn   | Place    | Note
-------+----------+-------------------------------------------
     0 | D:1      | Peloso the Minotaur Fighter began the quest for the Orb.
     0 | D:1      | Reached XP level 1. HP: 19/19 MP: 0/0
   124 | D:1      | Reached XP level 2. HP: 27/27 MP: 1/1
   182 | D:1      | Found a faded altar of an unknown god.
   690 | D:1      | Reached XP level 3. HP: 27/33 MP: 2/2
   884 | D:2      | Found an ornate altar of the Wu Jian Council.
  1238 | D:3      | Found a basalt altar of Yredelemnul.
  1402 | D:3      | Found a radiant altar of Vehumet.
  1654 | D:3      | Reached XP level 4. HP: 40/40 MP: 3/3
  1782 | D:3      | Found a runed translucent door.
  1783 | D:3      | Noticed Crazy Yiuf
  1961 | D:3      | Killed Crazy Yiuf
  2243 | D:4      | Noticed a phantom
  2251 | D:4      | Killed a phantom
  2252 | D:4      | Reached XP level 5. HP: 41/47 MP: 4/4
  2279 | D:4      | Found a staircase to the Ecumenical Temple.
  2291 | Temple   | Entered the Ecumenical Temple
  2405 | D:4      | Reached skill level 5 in Long Blades
  2436 | D:4      | Reached skill level 5 in Armour
  2436 | D:4      | Reached skill level 1 in Dodging
  2437 | D:4      | HP: 2/46 [wight/+0 dagger (1)]
  2437 | D:4      | Mangled by a wight

Illustrated notes

Levels and vault maps discovered:
D:1:      dpeg_arrival_court, layout_basic, ebering_ecumenical_altar_abandoned,
          corner_web_ring
D:2:      layout_rooms, basic_altar
D:3:      layout_basic, amcnicky_altar_gilded, fiery_altar_vehumet,
          uniq_crazy_yiuf_cottage
D:4:      layout_loops_ring, nicolae_hepliaklqana_ecumenical_no_more,
          minmay_temple_entry_gardened_gates, uniq_ijyb
Temple:   corrupted_temple

Skill      XL: |  1  2  3  4  5 |
---------------+----------------+-----
Fighting       | 4 |  4.5
Armour         | 4 5 |  5.0
Shields        | 4 |  4.3
Long Blades    | 3 4 5 |  5.2
Dodging        | 1 |  1.0
Stealth        | |  0.5

Action                   |  1- 3 |  4- 6 || total
-------------------------+-------+-------++-------
Melee: Long sword        |    83 |    31 ||   114
       Headbutt          |     9 |     6 ||    15
  Use: Scroll            |     4 |       ||     4
Armor: Scale mail        |    38 |    10 ||    48
Dodge: Dodged            |    32 |    18 ||    50
Block: Buckler           |    18 |     6 ||    24
